 Dungeon Crawl Stone Soup version 0.26.1-11-gd32895ea62 (webtiles) character file.

Game seed: 8405714237802179474

35 tizbic2 the Chiller (level 3, 0/30 (32) HPs)
             Began as an Ogre Ice Elementalist on June 26, 2021.
             Killed from afar by an orc wizard (10 damage)
             ... with a magic dart
             ... on level 2 of the Dungeon.
             The game lasted 00:08:07 (1569 turns).

tizbic2 the Chiller (Ogre Ice Elementalist)         Turns: 1569, Time: 00:08:08

HP:   0/30 (32)     AC:  3    Str: 18    XL:     3   Next: 33%
MP:   7/7           EV: 10    Int: 16    God:
Gold: 55            SH:  0    Dex: 10    Spells: 6/7 levels left

rFire    x . .     SeeInvis .   d - +0 mace
rCold    + . .     Faith    .   (no shield)
rNeg     . . .     Spirit   .   a - +0 robe
rPois    .         Reflect  .   (helmet restricted)
rElec    .         Harm     .   (no cloak)
rCorr    .         Rampage  .   (gloves unavailable)
Will     .....                  (boots unavailable)
Stlth    ++........             (no amulet)
HPRegen  0.10/turn              c - ring of ice
MPRegen  0.10/turn              f - +6 ring of strength

@: drained
A: large, unfitting armour, tough skin 1
a: no special abilities


You were on level 2 of the Dungeon.
You visited 1 branch of the dungeon, and saw 2 of its levels.

You collected 55 gold pieces.

Inventory:

Hand Weapons
 d - a +0 mace (weapon)
Armour
 a - a +0 robe (worn)
Jewellery
 c - a ring of ice (left hand)
 e - an uncursed ring of resist corrosion {unknown}
 f - a +6 ring of strength (right hand)
Scrolls
 b - a scroll of remove curse
 h - a scroll of fear
Potions
 g - a potion of berserk rage {unknown}


   Skills:
 * Level 0.7 Fighting
 * Level 0.4 Maces & Flails
 * Level 2.0 Dodging
 - Level 1.4 Stealth
 * Level 2.7 Spellcasting
 * Level 4.2 Ice Magic


You had 6 spell levels left.
You knew the following spells:

 Your Spells              Type           Power        Failure   Level
a - Freeze                Ice            92%          3%          1

Your spell library contained the following spells:

 Spells                   Type           Power        Failure   Level
 Frozen Ramparts          Ice            46%          11%         3
 Ozocubu's Armour         Ice            23%          11%         3
 Hailstorm                Conj/Ice       13%          63%         4
 Summon Ice Beast         Ice/Summ       13%          63%         4


Dungeon Overview and Level Annotations

Branches:
Dungeon (2/15)

Altars:

Annotations:
D:2 Jessica, Terence


Innate Abilities, Weirdness & Mutations

You are too large for most types of armour.
You have tough skin. (AC +1)


Message History

The goblin closely misses you.
An orc comes into view.
It is wielding a +1 falchion of protection.
The orc wizard hits you with a +0 dagger.
The goblin hits you but does no damage.
You feel drained.
You hit the goblin.
The goblin is heavily wounded.
The goblin hits you but does no damage.
You feel drained.
You hit the goblin.
You kill the goblin!
The orc wizard mumbles some strange words.
The orc wizard seems to speed up.
You closely miss the orc wizard.
The orc wizard is moderately wounded.
The orc wizard closely misses you.
Jessica very coldly says, "I hate your company."
The orc wizard hits you but does no damage.
The orc wizard hits you with a +0 dagger.
The orc wizard gestures at you while chanting.
The magic dart hits you!
You die...

#.# #### #.# ...
#.# #+### # ##
#.###.##...). #.#.
#............ #.#.
#.......... ...
#......#.#
..####.####.....(#
......o.oo.o.@.###
#....@.#######.###
#...... ####...#
#...... #......# #
#...... #......#.#
#...... #......#.#
....... #........#
....### #......###
#......#


You could see an orc wizard (fast) and 3 orcs.

Vanquished Creatures
  2 oozes (D:1)
  A dart slug (D:2)
  A leopard gecko (D:2)
  2 giant cockroaches (D:2)
  4 goblins
  2 hobgoblins (D:1)
  6 bats (D:1)
  3 frilled lizards (D:1)
  2 kobolds (D:1)
  3 rats (D:1)
26 creatures vanquished.

Notes
Turn   | Place    | Note
-------+----------+-------------------------------------------
     0 | D:1      | tizbic2 the Ogre Ice Elementalist began the quest for the
                  | Orb.
     0 | D:1      | Reached XP level 1. HP: 16/16 MP: 3/3
   187 | D:1      | Reached XP level 2. HP: 18/24 MP: 0/5
   258 | D:1      | Reached skill level 4 in Ice Magic
   411 | D:1      | Reached XP level 3. HP: 18/32 MP: 4/6
   543 | D:2      | Noticed Terence
  1559 | D:2      | Noticed Jessica
  1569 | D:2      | Killed from afar by an orc wizard

Illustrated notes

Levels and vault maps discovered:
D:1:      dpeg_arrival_arbitrary_a, layout_rooms
D:2:      layout_basic, st_stairs_6, uniq_terence, uniq_jessica

Skill      XL: |  1  2 |
---------------+-------+-----
Ice Magic      | 4 |  4.2
Dodging        | 2 |  2.0
Fighting       | |  0.7
Maces & Flails | |  0.4
Stealth        | |  1.4
Spellcasting   | |  2.7

Action                   || total
-------------------------++-------
Melee: Club              ||    29
       Unarmed           ||     3
       Mace              ||    32
 Cast: Freeze            ||    19
  Use: Scroll            ||     4
       Potion            ||     2
 Stab: Sleeping          ||     2
Armor: Robe              ||    24
Dodge: Dodged            ||    58
